 Dungeon Crawl Stone Soup version 0.23.2-30-g0e89c35649 (webtiles) character file.

Game seed: 411870266468916213

10537 KamiKatze the Covert (level 11, -2/56 HPs)
             Began as a Spriggan Assassin on June 17, 2019.
             Was a Priest of Dithmenos.
             Slain by a skeletal warrior
             ... wielding a +0 short sword
             ... led by a skeletal warrior
              (24 damage)
             ... on level 10 of the Dungeon.
             The game lasted 01:15:00 (13213 turns).

KamiKatze the Covert (Spriggan Assassin)           Turns: 13213, Time: 01:15:00

Health: -2/56      AC:  7    Str:  7    XL:     11   Next: 37%
Magic:  19/19      EV: 27    Int: 15    God:    Dithmenos [***...]
Gold:   425        SH:  0    Dex: 19    Spells: 14/20 levels left

rFire    . . .     SeeInvis +   q - +2 flail (holy)
rCold    . . .     Gourm    .   (shield restricted)
rNeg     + . .     Faith    .   F - +2 robe {rN+}
rPois    .         Spirit   .   (helmet restricted)
rElec    .         Reflect  .   d - +1 cloak
rCorr    .         Harm     .   (gloves unavailable)
MR       +....                  (boots unavailable)
Stlth    ++++++++..             r - amulet of regeneration
HPRegen  0.58/turn              C - +1 ring of protection
MPRegen  0.16/turn              E - ring of wizardry

@: wreathed by umbra, studying Summonings, very quick
A: very small, unfitting armour, see invisible, herbivore, speed 3, slow
metabolism 2
a: Shadow Step, Renounce Religion


You were on level 10 of the Dungeon.
You worshipped Dithmenos.
Dithmenos was most pleased with you.
You were not hungry.

You visited 2 branches of the dungeon, and saw 12 of its levels.

You collected 815 gold pieces.
You spent 390 gold pieces at shops.

Inventory:

Hand Weapons
 a - a +2 dagger
 b - a +0 blowgun
 q - a +2 flail of holy wrath (weapon)
 w - the +6 rapier of Tartarus {pierce, rF+}
   (You found it on level 10 of the Dungeon)

   It inflicts extra damage upon your enemies.
   It protects you from fire.
Missiles
 e - 72 poisoned needles
 l - 149 stones (quivered)
 m - 60 sling bullets
 p - 68 arrows
 H - 2 curare-tipped needles
 N - 6 throwing nets
 O - 3 tomahawks
Armour
 d - a +1 cloak (worn)
 F - a +2 robe of positive energy (worn)
Jewellery
 r - an amulet of regeneration (around neck)
 u - a +4 amulet of reflection
 C - a +1 ring of protection (left hand)
 E - a ring of wizardry (right hand)
Wands
 o - a wand of flame (19)
 x - a wand of paralysis (8)
 B - a wand of clouds (2)
 J - a wand of disintegration (16)
 L - a wand of scattershot (5)
Scrolls
 f - 3 scrolls of teleportation
 k - a scroll of enchant weapon
 n - a scroll of fog
 s - a scroll of amnesia
 t - 5 scrolls of remove curse
 y - 4 scrolls of enchant armour
 A - 2 scrolls of blinking
 M - a scroll of vulnerability {unknown}
 P - a scroll of fear {unknown}
Potions
 c - 2 potions of haste
 h - a potion of magic
 i - 2 potions of flight
 j - 6 potions of heal wounds
 z - a potion of brilliance
 D - 2 potions of resistance
 G - 2 potions of might
 I - 2 potions of lignification
 K - a potion of curing
Books
 v - a manual of Summonings
Comestibles
 g - 11 rations


   Skills:
 + Level 6.2 Fighting
 + Level 8.5 Short Blades
 + Level 7.6 Throwing
 + Level 10.5 Dodging
 + Level 12.4 Stealth
 + Level 5.0 Spellcasting
 + Level 3.1 Conjurations
 + Level 5.2 Hexes


You had 14 spell levels left.
You knew the following spells:

 Your Spells              Type           Power        Failure   Level  Hunger
a - Dazzling Spray        Conj/Hex       ###...       3%          3    ###....
b - Confuse               Hex            ###.....     2%          3    ###....

Your spell library contained the following spells:

 Spells                   Type           Power        Failure   Level  Hunger
 Confusing Touch          Hex            ###...       1%          1    None
 Shock                    Conj/Air       #...         3%          1    None
 Summon Small Mammal      Summ           #...         6%          1    None
 Summon Guardian Golem    Hex/Summ       ##......     7%          3    ###....
 Call Imp                 Summ           #.......     10%         2    ##.....
 Conjure Flame            Conj/Fire      #.......     11%         3    ###....
 Call Canine Familiar     Summ           #.......     19%         3    ###....
 Gell's Gravitas          Tloc           #.........   19%         3    ###....
 Metabolic Englaciation   Hex/Ice        ##........   50%         5    ######.
 Yara's Violent Unravell  Hex/Tmut       ##........   50%         5    ######.
 Petrify                  Tmut/Erth      #.......     52%         4    ####...
 Summon Ice Beast         Ice/Summ       #.......     52%         4    ####...
 Summon Lightning Spire   Summ/Air       #.......     52%         4    ####...
 Fireball                 Conj/Fire      #.........   65%         5    ######.
 Summon Forest            Summ/Tloc      #.........   85%         5    ######.


Dungeon Overview and Level Annotations

Branches:
Dungeon (11/15)            Temple (1/1) D:7             Orc (0/2) D:11
   Lair: D:8-11

Altars:
Ashenzari
Cheibriados
Dithmenos
Elyvilon
Fedhas
Gozag
Hepliaklqana
Kikubaaqudgha
Makhleb
Nemelex Xobeh
Okawaru
Qazlal
Ru
Sif Muna
Trog
Uskayaw
Vehumet
Wu Jian
Xom
Yredelemnul
Zin
The Shining One

Shops:
D:6 *   D:7 *   D:8 !

Annotations:
D:4 3 runed translucent doors, u8823's ghost, amateur DDFi


Innate Abilities, Weirdness & Mutations

You are very small and have problems with some larger weapons.
You are too small for most types of armour.
You have supernaturally acute eyesight. (SInv)
You are a herbivore.
You cover ground extremely quickly.
You need to consume almost no food.


Message History

The skeletal warrior hits you with a +0 short sword!
The skeletal warrior closely misses you.
You hit the skeletal warrior but do no damage.
The skeletal warrior is lightly damaged.
The skeletal warrior closely misses you.
You hit the skeletal warrior.
The skeletal warrior convulses.
The skeletal warrior is moderately damaged.
The skeletal warrior barely misses you.
You hit the skeletal warrior but do no damage.
The skeletal warrior is moderately damaged.
The skeletal warrior hits you with a +0 short sword.
The skeletal warrior completely misses you.
You barely miss the skeletal warrior.
The skeletal warrior is moderately damaged.
The skeletal warrior closely misses you.
You hit the skeletal warrior but do no damage.
The skeletal warrior is moderately damaged.
The skeletal warrior hits you but does no damage.
The skeletal warrior hits you with a +0 short sword!!
You die...

†..................# #...#####
#####.......###....# #......?.
#.......###....#######.......
#######...o.o.........[......
######'###....#######.......
#.....>.....z.....[.........
######......†#####......[#######.
.............#######.###)# ##
#####....(...ooz@...(.<#)### #
#.#####+#.######.#)....# # #.#
#.#.# #o#.#.#.# # #.# #.#o#
#.#.#.#.# # #.# #.#(# #.#.#.#.# #
#.# #.#o######.#.#.#.### #
#.#####.#...o(o..(.......## #
#.##......................###
#.##.........................


You could see a skeletal warrior and 2 orcs.

Vanquished Creatures
  Erolcha (D:9)
  A two-headed ogre (D:8)
  An unseen horror (D:10)
  2 trolls
  A merfolk (D:9)
  2 wyverns
  5 yaks (D:10)
  3 hungry ghosts
  Grum (D:8)
  2 water moccasins
  5 orc warriors
  A black bear (D:9)
  3 ice beasts
  4 sky beasts
  4 phantoms
  An eye of draining (D:9)
  2 necrophages (D:10)
  3 ogres (D:4)
  3 centaurs
  A big kobold (D:7)
  10 bullfrogs
  3 gnoll sergeants (D:8)
  6 scorpions
  14 killer bees
  7 wights
  3 crimson imps
  A quasit (D:10)
  A jelly (D:6)
  3 gnoll shamans
  5 orc priests
  2 bullfrog skeletons
  12 hounds
  3 iguanas
  8 orc wizards
  6 worker ants
  A killer bee zombie (D:9)
  A hound zombie (D:6)
  2 hound skeletons
  2 howler monkey zombies
  A worker ant zombie (D:10)
  11 adders
  25 gnolls
  A howler monkey skeleton (D:8)
  2 shadow imps
  4 worms
  2 dart slugs
  8 leopard geckos
  36 orcs
  5 bats
  6 giant cockroaches
  9 goblins
  5 hobgoblins
  17 jackals
  5 quokkas
  6 frilled lizards
  A jackal zombie (D:5)
  11 kobolds
  A quokka skeleton (D:10)
  A quokka zombie (D:5)
  7 rats
300 creatures vanquished.

Notes
Turn   | Place    | Note
-------+----------+-------------------------------------------
     0 | D:1      | KamiKatze the Spriggan Assassin began the quest for the
                  | Orb.
     0 | D:1      | Reached XP level 1. HP: 10/10 MP: 2/2
   111 | D:1      | Reached skill level 6 in Stealth
   262 | D:1      | Reached XP level 2. HP: 7/15 MP: 3/3
   904 | D:2      | Reached XP level 3. HP: 14/18 MP: 4/4
  1316 | D:2      | Reached XP level 4. HP: 9/23 MP: 5/5
  2751 | D:3      | Reached XP level 5. HP: 19/27 MP: 6/6
  2941 | D:4      | Noticed an ogre
  2943 | D:4      | Killed an ogre
  2943 | D:4      | Reached skill level 7 in Stealth
  2966 | D:4      | Noticed u8823's ghost (amateur DDFi)
  2973 | D:4      | Noticed a troll
  2974 | D:4      | Found a runed translucent gate.
  2974 | D:4      | Found a runed translucent gate.
  2976 | D:4      | Found a runed translucent gate.
  3157 | D:4      | Noticed a phantom
  3282 | D:4      | Reached XP level 6. HP: 32/32 MP: 7/7
  3618 | D:4      | Reached XP level 7. HP: 36/36 MP: 8/8
  4032 | D:4      | Reached skill level 5 in Dodging
  4032 | D:4      | Reached skill level 8 in Stealth
  4090 | D:5      | Entered Level 5 of the Dungeon
  4674 | D:5      | Found an iron altar of Okawaru.
  4826 | D:5      | Reached XP level 8. HP: 35/42 MP: 9/9
  4847 | D:5      | Reached skill level 5 in Short Blades
  4905 | D:5      | Found a sparkling altar of Nemelex Xobeh.
  5255 | D:6      | Reached skill level 9 in Stealth
  5532 | D:6      | Reached skill level 5 in Throwing
  5856 | D:6      | Found Dotut's Assorted Antiques.
  6573 | D:6      | Reached XP level 9. HP: 19/46 MP: 10/10
  6641 | D:6      | Reached skill level 10 in Stealth
  6884 | D:7      | Found Kuttihoam's Assorted Antiques.
  6901 | D:7      | Bought a glistering book for 390 gold pieces
  6905 | D:7      | Learned a level 3 spell: Dazzling Spray
  6941 | D:7      | You fall through a shaft!
  6944 | D:8      | Noticed a two-headed ogre
  7201 | D:7      | Found a glowing silver altar of Zin.
  7383 | D:8      | Reached skill level 5 in Fighting
  7522 | D:8      | Found Bunifruh's Distillery.
  7734 | D:8      | Learned a level 3 spell: Confuse
  7742 | D:8      | Noticed Grum
  7746 | D:8      | Killed Grum
  7800 | D:8      | Killed a two-headed ogre
  7800 | D:8      | Reached skill level 11 in Stealth
  7800 | D:8      | Reached skill level 1 in Spellcasting
  7800 | D:8      | Reached skill level 1 in Conjurations
  7988 | D:7      | Found a staircase to the Ecumenical Temple.
  7996 | Temple   | Entered the Ecumenical Temple
  8136 | Temple   | Became a worshipper of Dithmenos the Shadowed
  8557 | D:6      | Reached XP level 10. HP: 51/51 MP: 14/14
  9900 | D:8      | Reached * piety under Dithmenos
 10948 | D:9      | Noticed Erolcha
 10951 | D:9      | Killed Erolcha
 11198 | D:8      | Reached ** piety under Dithmenos
 11664 | D:9      | Reached skill level 10 in Dodging
 12000 | D:10     | Entered Level 10 of the Dungeon
 12181 | D:10     | Reached skill level 12 in Stealth
 12181 | D:10     | Reached XP level 11. HP: 42/56 MP: 18/18
 12214 | D:10     | Reached *** piety under Dithmenos
 12317 | D:10     | Got a jewelled rapier
 12318 | D:10     | Identified the +6 rapier of Tartarus {pierce, rF+} (You
                  | found it on level 10 of the Dungeon)
 12773 | D:10     | Reached skill level 5 in Hexes
 12900 | D:11     | Noticed an unseen horror
 12931 | D:10     | Killed an unseen horror
 12975 | D:11     | Noticed a centaur warrior
 12975 | D:11     | Noticed a green ugly thing
 13010 | D:11     | Found a staircase to the Orcish Mines.
 13125 | D:11     | Noticed a skeletal warrior
 13127 | D:11     | Noticed a skeletal warrior
 13141 | D:10     | Reached skill level 5 in Spellcasting
 13213 | D:10     | Slain by a skeletal warrior

Skill      XL: |  1  2  3  4  5  6  7  8  9 10 11 |
---------------+----------------------------------+-----
Stealth        | 6 7 8 9 11 12 | 12.4
Dodging        | 2 3 4 6 7 9 10 | 10.5
Fighting       | 2 3 4 5 6 |  6.2
Short Blades   | 3 4 6 7 8 |  8.5
Throwing       | 3 4 5 6 7 |  7.6
Spellcasting   | 2 4 5 |  5.0
Conjurations   | 1 2 3 |  3.1
Hexes          | 2 4 5 |  5.2

Action                   |  1- 3 |  4- 6 |  7- 9 | 10-12 || total
-------------------------+-------+-------+-------+-------++-------
Melee: Dagger            |   195 |   183 |   490 |   178 ||  1046
       Flail             |       |     9 |    58 |    64 ||   131
       Rapier            |       |       |   151 |   629 ||   780
 Fire: Blowgun           |    16 |    30 |    75 |    25 ||   146
Throw: Stone             |     4 |     9 |    99 |   152 ||   264
       Tomahawk          |       |       |       |     3 ||     3
       Throwing net      |       |       |       |     2 ||     2
 Cast: Confuse           |       |       |       |     2 ||     2
  Use: Scroll            |     1 |     4 |    13 |     5 ||    23
       Potion            |       |       |     2 |       ||     2
 Stab: Sleeping          |     7 |    10 |    18 |    20 ||    55
       Distracted        |     1 |       |     3 |     3 ||     7
       Confused          |       |       |       |     2 ||     2
  Eat: Ration            |       |       |     3 |     4 ||     7
Armor: Robe              |    23 |    11 |    38 |    59 ||   131
Dodge: Dodged            |   135 |   140 |   627 |   910 ||  1812
